 Dungeon Crawl Stone Soup version 0.30.0-20-g3615ddf2f0 (webtiles) character file.

Game seed: 17714705970966689530

209 qw the Chopper (level 5, -5/32 HPs)
             Began as a Gargoyle Fighter on May 31, 2023.
             Slain by Sigmund
             ... wielding a +0 scythe
              (7 damage)
             ... on level 4 of the Dungeon.
             The game lasted 00:01:20 (2731 turns).

qw the Chopper (Gargoyle Fighter)                   Turns: 2731, Time: 00:01:20

Health: -5/32      AC: 10    Str: 22      XL:     5   Next: 87%
Magic:  5/5        EV:  6    Int:  8      God:
Gold:   147        SH:  3    Dex:  3 (9)  Spells: 4/4 levels left

rFire   . . .        Y - +1 war axe
rCold   . . .        c - +0 buckler
rNeg    + . .        b - +0 scale mail
rPois   inf          (no helmet)
rElec   +            (no cloak)
rCorr   .            (no gloves)
SInv    .            (no boots)
Will    .....        (no amulet) Stlth
                     (no ring)
HPRegen 0.25/turn    (no ring)
MPRegen 0.09/turn

%: no passive effects
@: about to teleport, grasped by roots, constricted
A: sickness immunity, AC +4, negative energy resistance 1, electricity
resistance, torment resistance 1, petrification resistance
a: no special abilities


You were on level 4 of the Dungeon.
You visited 1 branch of the dungeon, and saw 4 of its levels.

You collected 147 gold pieces.


Innate Abilities, Weirdness & Mutations

You are immune to sickness and miasma.
Your stone body is resilient. (AC +4)
You are immune to poison.
You resist negative energy. (rN+)
You are resistant to electric shocks. (rElec)
You are resistant to unholy torment.
You are immune to petrification.


   Skills:
 + Level 3.6 Fighting
 - Level 5.2 Axes
 - Level 3.2 Armour
 - Level 3.2 Shields


You had 4 spell levels left.
You didn't know any spells.
Your spell library was empty.

Inventory:

Hand Weapons
 f - a +0 flail
 Y - a +1 war axe (weapon)
Armour
 b - a +0 scale mail (worn)
 c - a +0 buckler (worn)
Scrolls
 g - a scroll of identify
Potions
 a - a potion of curing {unknown}
 d - a potion of might
 e - a potion of heal wounds
 h - a potion of invisibility {unknown}
 j - a potion of attraction {unknown}
 k - a potion of mutation {unknown}
 l - a potion of berserk rage {unknown}

Dungeon Overview and Level Annotations

Branches:
Dungeon (4/15)
 Temple: D:4-7

Altars:
Nemelex Xobeh
Xom
The Shining One

Annotations:
D:3 1 transporter
D:4 Robin, Sigmund


Message History

You kill the hobgoblin!
You slash the hobgoblin!
You kill the hobgoblin!
The goblin no longer looks unusually strong.
You hear some strange, mumbled words.
A puff of flame appears from out of thin air!
The puff of flame misses you.
Robin roars a battlecry!
The goblin goes into a battle-frenzy!
The grasping roots constrict you.
You escape the roots grasp.
Found a stone staircase leading up.
Something hits you. Robin throws the goblin at you!
Items here: %% )).
You hit Robin but do no damage. You hit something. You hit the goblin.
You kill the goblin!
You slash the goblin!
You kill the goblin!
Robin barely misses you. Something hits you but does no damage.
You hit Robin.
Robin is lightly wounded.
You closely miss something.
Robin zaps a wand.
The roots erupt in riotous growth!
The grasping roots grab you!
Robin is unaffected.
The grasping roots constrict you.
A ball python comes into view.
Something hits you.
You hit Robin but do no damage.
Robin is lightly wounded.
You hit something. Robin barely misses you. The grasping roots constrict you.
The ball python barely misses you. Robin hits you but does no damage.
The grasping roots constrict you.
You hear some strange, mumbled words.
A magic dart appears from out of thin air!
The magic dart hits you.
2731 ||| READING scroll of teleportation.
As you read the scroll of teleportation, it crumbles to dust.
You feel strangely unstable. The ball python bites you. Something hits you!
You die...

......<....
..........
.............
......... ..
......... ..
~~~~~..g# .#
:...~g{g# .#
¤¤~¤~.#@##.#
..~.~.)S#..#
_.¤.~.%#).#
....~.........#
~~¤.~.....#####
....~..#..#
~~~~~..##>.
....... ##.. #
#.##.#. ## ##


You could see Robin, a hobgoblin (strong), a goblin (strong) and a ball python.

Vanquished Creatures
  A quasit (D:4)
  A hound (D:3)
  6 adders
  4 dart slugs
  An orc (D:3)
  A ball python (D:2)
  10 bats
  12 endoplasms
  3 giant cockroaches
  11 goblins
  8 hobgoblins
  3 jackals (D:2)
  5 kobolds
  4 quokkas
  2 frilled lizards
  6 rats
78 creatures vanquished.

Notes
Turn   | Place    | Note
-------+----------+-------------------------------------------
     0 | D:1      | qw the Gargoyle Fighter began the quest for the Orb.
     0 | D:1      | Reached XP level 1. HP: 14/14 MP: 1/1
     0 | D:1      | 0 ||| qw: Version: 0.2-a-102-gfc559e5
     0 | D:1      | 0 ||| qw: Game counter: 593
     0 | D:1      | 0 ||| qw: Always use a shield: true
     0 | D:1      | 0 ||| qw: God list: Okawaru
     0 | D:1      | 0 ||| qw: Allow faded altars: false
     0 | D:1      | 0 ||| qw: Do Orc after D:15 true
     0 | D:1      | 0 ||| qw: Do second Lair branch before Depths: true
     0 | D:1      | 0 ||| qw: Lair rune preference: random
     0 | D:1      | 0 ||| qw: Plans: Normal, Zot:1-4, Slime:5, God:TSO, Crypt,
                  | Tomb, Pan, Hells, Abyss, Win
     0 | D:1      | 0 ||| PLANNING D:1-11
    57 | D:1      | Reached skill level 2 in Axes
   209 | D:1      | Reached XP level 2. HP: 19/19 MP: 2/2
   251 | D:1      | 251 ||| Stepping ~*~*~tactically~*~*~ (hiding).
   587 | D:1      | Found a faded altar of an unknown god.
   613 | D:1      | Reached skill level 3 in Axes
   653 | D:1      | Reached XP level 3. HP: 23/23 MP: 3/3
  1044 | D:1      | 1044 ||| READING scroll labelled BIATORYSMI.
  1045 | D:1      | 1045 ||| READING scroll labelled MEMUGI ZEIXINU.
  1046 | D:1      | 1046 ||| READING scroll labelled QEEGUKKAO.
  1051 | D:1      | 1051 ||| READING scroll labelled TUYHUR AX BUPETIQ.
  1080 | D:2      | 1080 ||| Stepping ~*~*~tactically~*~*~ (stealth).
  1082 | D:2      | 1082 ||| Stepping ~*~*~tactically~*~*~ (stealth).
  1318 | D:2      | Reached XP level 4. HP: 28/28 MP: 4/4
  1605 | D:2      | 1605 ||| DROPPING ring of magical power.
  1606 | D:2      | 1606 ||| READING scroll labelled PACUOP HITOG.
  1607 | D:2      | 1607 ||| READING scroll labelled CETANO SANUSH.
  1608 | D:2      | 1608 ||| READING scroll labelled XEIFAJ EDYNA.
  1634 | D:3      | Reached skill level 4 in Axes
  1650 | D:3      | 1650 ||| Stepping ~*~*~tactically~*~*~ (stealth).
  1651 | D:3      | 1651 ||| DROPPING +0 club.
  1771 | D:3      | Reached XP level 5. HP: 32/32 MP: 5/5
  1777 | D:3      | Found a shimmering altar of Xom.
  1836 | D:3      | 1836 ||| READING scroll labelled LUN ALEAGUTZE.
  1841 | D:3      | 1841 ||| FLEEEEING.
  1842 | D:3      | 1842 ||| STAIRDANCE
  1850 | D:2      | 1850 ||| DROPPING +1 hand axe of freezing.
  1940 | D:2      | Identified the +6 dagger of Wuschy Kesiyf {heavy, rPois
                  | Dex+3}
  1966 | D:2      | 1966 ||| DRINKING 2 coppery potions.
  1967 | D:2      | 1967 ||| DROPPING potion of brilliance.
  2159 | D:3      | Found a sparkling altar of Nemelex Xobeh.
  2159 | D:3      | Found a transporter.
  2562 | D:3      | 2562 ||| DRINKING 2 glowing purple potions.
  2669 | D:4      | Reached skill level 5 in Axes
  2715 | D:4      | Found a glowing golden altar of the Shining One.
  2715 | D:4      | Noticed Sigmund
  2716 | D:4      | Noticed Robin
  2730 | D:4      | HP: 6/32 [constriction (3)]
  2730 | D:4      | HP: 2/32 [something/magic dart (4)]
  2731 | D:4      | 2731 ||| READING scroll of teleportation.
  2731 | D:4      | Slain by Sigmund

Levels and vault maps discovered:
D:1:      dpeg_arrival_boxes_within_box, layout_loops_ring,
          basic_ecumenical_altar, chequers_decorated_corner, minmay_misc_feat_x
D:2:      layout_basic
D:3:      layout_basic, mainiacjoe_overflow_cross_hatched,
          grunt_nemelex_the_gamble
D:4:      layout_rooms, mainiacjoe_overflow_concentric_impassable,
          serial_demonic, serial_demonic_b, serial_demonic_e, serial_demonic_e,
          serial_demonic_e, serial_shops, shop, chequers_serial_rivers_micro_d,
          uniq_robin, uniq_sigmund

Skill      XL: |  1  2  3  4  5 |
---------------+----------------+-----
Axes           | 2 3 4 5 |  5.2
Fighting       | |  3.6
Armour         | |  3.2
Shields        | |  3.2

Action                     |  1- 3 |  4- 6 || total
---------------------------+-------+-------++-------
  Melee: War axe           |    97 |   106 ||   203
    Use: Scroll            |     4 |     5 ||     9
         Potion            |       |     2 ||     2
 Armour: Scale mail        |    43 |    79 ||   122
  Dodge: Dodged            |    45 |    63 ||   108
  Block: Buckler           |    16 |    30 ||    46

Table legend:
 A = Non-vault XP
 B = Vault XP
 C = Vault XP percentage of total XP
 D = Non-vault monster count
 E = Vault monster count
 F = Vault count percentage of total count
                 A         B        C        D         E       F
            +---------+---------+-------+---------+---------+-------
      Total |     238 |      61 |  20.4 |      68 |      10 |  12.8
            +---------+---------+-------+---------+---------+-------
        D:1 |      42 |       0 |   0.0 |      25 |       0 |   0.0
        D:2 |      67 |       0 |   0.0 |      23 |       0 |   0.0
        D:3 |     113 |       0 |   0.0 |      14 |       0 |   0.0
        D:4 |      16 |      61 |  79.2 |       6 |      10 |  62.5
            +---------+---------+-------+---------+---------+-------
